Map: 瑟拉斯废墟

Players

LambSauce - Winner!

  • Race: Zerg Zerg
  • League: Gold

shengy

  • Race: Zerg Zerg
  • League: Gold

VOD

Have the link to the VOD?

Description

Time

  • Played on: Nov. 24, 2015, 10:20 p.m.
  • Length: 4:23
Show
View Real Time Build Order
Export as new Build Order

LambSauce Zerg - Winner!

Build Orders: Hatch First 

Get SALT Encoding   

  12  0:01  Drone  
  13  0:12  Overlord  
  13  0:22  Drone  
  14  0:31  Drone  
  14  0:32  Drone  
  16  0:38  Drone  
  17  0:56  Hatchery  
  16  1:00  Drone  
  16  1:02  Drone  
  18  1:07  Drone  
  19  1:19  Spawning Pool  
  19  1:22  Extractor  
  19  1:23  Drone  
  18  1:28  Drone  
  19  1:47  Overlord  
  19  1:52  Drone  
  20  2:09  Queen  
  20  2:10  Queen  
  20  2:12  Overlord  
  20  2:13  Drone  
  20  2:14  Drone  
  26  2:25  Zergling x4  
  26  2:29  Metabolic Boost  
  28  2:31  Zergling x2  
  29  2:53  Zergling x8  
  29  2:56  Baneling Nest  
  29  2:58  Zergling x2  
  33  3:14  Zergling x2  
  33  3:15  Zergling x2, Overlord  
  35  3:28  Zergling x8  
  35  3:29  Zergling x4  
  35  3:31  Overlord  
  41  3:36  Drone  
  41  3:37  Drone  
  43  3:52  Drone  
  43  3:53  Drone x4  
  48  4:06  Drone x4  
Show
View Real Time Build Order
Export as new Build Order

shengy Zerg 

Build Orders: Pool First 

Get SALT Encoding   

  12  0:01  Drone  
  13  0:08  Drone  
  14  0:17  Overlord  
  14  0:35  Drone  
  14  0:36  Drone x2  
  17  0:47  Drone  
  18  0:51  Spawning Pool  
  17  1:03  Drone  
  18  1:16  Drone  
  19  1:19  Hatchery  
  19  1:24  Drone  
  19  1:29  Overlord  
  19  1:38  Queen  
  21  1:41  Zergling x2  
  22  1:52  Drone  
  23  2:05  Extractor  
  22  2:09  Drone  
  22  2:12  Drone  
  24  2:20  Hatchery, Queen  
  25  2:25  Overlord  
  25  2:49  Drone x2  
  27  2:57  Zergling x12  
  32  3:14  Roach Warren  
  31  3:25  Extractor, Drone x2  
  32  3:28  Zergling x2  
  32  3:33  Queen  
  35  3:45  Drone x2  
  39  4:03  Roach  
  39  4:04  Roach x2  
Tags
 
Add a new tag
Caveats
  • Supply blocks, unpowered buildings, or Contaminate may cause inaccurate times.
  • Supply counts are checked every 10 seconds.